 Dungeon Crawl Stone Soup version 0.21.1-77-g46dbe93 (webtiles) character file.

45 Merlin the Covered (level 3, -3/31 HPs)
             Began as a Gnoll Wanderer on Sept 4, 2018.
             Slain by a worm (8 damage)
             ... on level 2 of the Dungeon.
             The game lasted 00:05:59 (1064 turns).

Merlin the Covered (Gnoll Wanderer)                 Turns: 1064, Time: 00:06:00

Health: -3/31      AC:  3    Str: 15    XL:     3   Next: 64%
Magic:  6/6        EV: 11    Int: 14    God:
Gold:   119        SH:  0    Dex: 14    Spells: 3/3 levels left

rFire    . . .     SeeInvis .   k - +3 dagger (flame)
rCold    . . .     Gourm    .   (no shield)
rNeg     . . .     Faith    .   i - +0 leather armour
rPois    .         Spirit   .   (no helmet)
rElec    .         Reflect  .   (no cloak)
rCorr    .         Harm     .   (no gloves)
MR       .....                  (no boots)
Stlth    +.........             (no amulet)
HPRegen  0.10/turn              (no ring)
MPRegen  0.10/turn              (no ring)

@: no status effects
A: distributed training, fangs 1, strong nose
a: no special abilities


You were on level 2 of the Dungeon.
You were hungry.

You visited 1 branch of the dungeon, and saw 2 of its levels.

You collected 119 gold pieces.

Inventory:

Hand Weapons
 b - a +0 mace
 k - a +3 dagger of flaming (weapon)
Missiles
 h - 7 needles of confusion
 o - 18 poisoned needles
Armour
 d - a +0 robe
 i - a +0 leather armour (worn)
Wands
 a - a wand of paralysis (15)
Scrolls
 e - a scroll of teleportation {unknown}
 g - a scroll of immolation {unknown}
 j - 4 scrolls of identify
 n - a scroll of random uselessness {unknown}
Potions
 c - 2 potions of lignification
 l - a potion of haste
 m - a potion of curing {unknown}
Comestibles
 f - 4 rations


   Skills:
 + Level 4.5 Fighting
 + Level 0.8 Short Blades
 + Level 0.8 Long Blades
 + Level 0.8 Axes
 + Level 4.5 Maces & Flails
 + Level 0.8 Polearms
 + Level 0.8 Staves
 + Level 0.8 Slings
 + Level 2.6 Bows
 + Level 0.8 Crossbows
 + Level 0.8 Throwing
 + Level 6.5 Armour
 + Level 0.8 Dodging
 + Level 0.8 Stealth
 + Level 0.8 Shields
 + Level 0.8 Unarmed Combat
 + Level 0.8 Spellcasting
 + Level 0.5 Conjurations
 + Level 0.5 Hexes
 + Level 0.5 Charms
 + Level 0.5 Summonings
 + Level 0.5 Necromancy
 + Level 0.5 Translocations
 + Level 0.5 Transmutations
 + Level 0.5 Fire Magic
 + Level 0.5 Ice Magic
 + Level 0.5 Air Magic
 + Level 0.5 Earth Magic
 + Level 0.5 Poison Magic
 + Level 1.0 Invocations
 + Level 4.5 Evocations


You had 3 spell levels left.
You didn't know any spells.

Dungeon Overview and Level Annotations

Branches:
Dungeon (2/15)

Altars:


Innate Abilities, Weirdness & Mutations

Your experience applies equally to all skills.
You have very sharp teeth.
Your uncanny sense of smell can sniff out nearby items.


Message History

Things that are here:
a short sword; a kobold corpse You butcher the kobold corpse.
Things that are here:
a short sword; an inedible chunk of flesh; a kobold skeleton You see here a stone.
m - a pink potion
Found a club.
Found a hand axe.
You start resting.
You hit the worm. You burn the worm.
The worm is moderately wounded.
The worm bites you!
* * * LOW HITPOINT WARNING * * *
You hit the worm. You burn the worm.
The worm is heavily wounded.
You hit the worm. You burn the worm.
The worm is severely wounded.
The worm bites you!
You die...

##### #######
##...###......
##############.....##.[....
......).....#.....)..(.....
............#.......#......
...........................
...........................
.......................(.(#
..........@..........##.(..
...........w...........##..
.#.....#................).#
#....)#...........####.#.#
#.#.#.#......(.......#...#
#.....#......(....##......
#.. ..######.###...###....
#.#.#. ##..# ##..# ##.#. #
#..## #.... #...


You could see a worm.

Vanquished Creatures
  An adder (D:2)
  2 worms (D:2)
  2 dart slugs (D:1)
  A bat (D:1)
  4 giant cockroaches
  3 goblins
  4 hobgoblins
  2 frilled lizards
  3 kobolds
  3 rats
25 creatures vanquished.

Notes
Turn   | Place    | Note
-------+----------+-------------------------------------------
     0 | D:1      | Merlin the Gnoll Wanderer began the quest for the Orb.
     0 | D:1      | Merlin set off with: a wand of paralysis (15), a +0 mace, a potion of lignification, a +0 robe, a ration
     0 | D:1      | Reached XP level 1. HP: 20/20 MP: 3/3
    87 | D:1      | Reached XP level 2. HP: 13/26 MP: 5/5
   675 | D:2      | Reached XP level 3. HP: 22/31 MP: 6/6
   920 | D:2      | Reached skill level 1 in Invocations
  1064 | D:2      | Slain by a worm

Skill      XL: |  1  2  3 |
---------------+----------+-----
Invocations    | 1 |  1.0
Fighting       | |  4.5
Short Blades   | |  0.8
Long Blades    | |  0.8
Axes           | |  0.8
Maces & Flails | |  4.5
Polearms       | |  0.8
Staves         | |  0.8
Slings         | |  0.8
Bows           | |  2.6
Crossbows      | |  0.8
Throwing       | |  0.8
Armour         | |  6.5
Dodging        | |  0.8
Stealth        | |  0.8
Shields        | |  0.8
Unarmed Combat | |  0.8
Spellcasting   | |  0.8
Conjurations   | |  0.5
Hexes          | |  0.5
Charms         | |  0.5
Summonings     | |  0.5
Necromancy     | |  0.5
Translocations | |  0.5
Transmutations | |  0.5
Fire Magic     | |  0.5
Ice Magic      | |  0.5
Air Magic      | |  0.5
Earth Magic    | |  0.5
Poison Magic   | |  0.5
Evocations     | |  4.5

Action                   || total
-------------------------++-------
Melee: Mace              ||    52
       Bite              ||    12
       Dagger            ||    49
       Punch             ||     1
  Use: Scroll            ||     1
 Stab: Sleeping          ||     1
Armor: Robe              ||     8
       Leather armour    ||     7
Dodge: Dodged            ||    58
